AoeStats
← THL

Arabia

509999006Analyzed
1v1 RM · 3d ago on Sep 29, 2026· 47m 33s· 2 players
Game mode
Random Map
Map size
Tiny (2 player)
Population
200
Speed
Normal
Resources
Standard
Victory
Conquest
Starting age
Dark Age
Ending age
Imperial Age
RankedLock teamsTeams togetherTeam positionsShared explorationLock speedFull tech treeHidden civsTurbo modeCheats
Victory
Defeat
🇻🇳 Italians · Vietnam
1793
+13
🇵🇪 Saracens · Peru
1736
-13
Ijusttry09
7:03 Loom
9:26 Feudal Age
14:08 Double-Bit Axe
16:10 Fletching
17:12 Horse Collar
18:56 Wheelbarrow
22:03 Castle Age
20:49 Gold Mining
21:20 Padded Archer Armor
22:10 Crossbowman
22:45 Bodkin Arrow
23:04 Bow Saw
23:50 Gold Shaft Mining
25:32 Thumb Ring
26:01 Thumb Ring
27:50 Ballistics
32:04 Leather Archer Armor
33:54 Hand Cart
37:54 Imperial Age
34:51 Elite Skirmisher
36:10 Stone Mining
39:38 Chemistry
38:40 Bracer
38:41 Arbalester
42:13 Ring Archer Armor
46:19 Capped Ram
THL
7:08 Loom
9:11 Feudal Age
9:23 Man-at-Arms
13:30 Fletching
15:07 Padded Archer Armor
16:18 Double-Bit Axe
22:35 Castle Age
21:33 Gold Mining
21:23 Horse Collar
22:36 Crossbowman
23:17 Bodkin Arrow
23:33 Bow Saw
25:21 Leather Archer Armor
26:53 Ballistics
27:23 Wheelbarrow
34:41 Thumb Ring
37:12 Imperial Age
35:19 Hand Cart
37:31 Arbalester
38:17 Bracer
39:22 Chemistry
38:05 Elite Skirmisher
39:18 Ring Archer Armor
40:21 Scale Barding Armor
40:56 Forging
41:51 Chain Barding Armor
42:02 Bloodlines
41:53 Husbandry
42:57 Conscription
43:38 Two-Man Saw
43:48 Plate Barding Armor
43:22 Light Cavalry
44:05 Hussar
45:21 Iron Casting
45:59 Heavy Plow
46:18 Town Watch
Connection lost

Rejoining the realm…

Still unreachable

The connection could not be restored.

Session expired

The server has moved on; the page needs a fresh start.